 Dungeon Crawl Stone Soup version 0.29.1-2-gbd0b4ee654 (webtiles) character file.

Game seed: 9652846709039076314

221 qeuew the Chopper (level 6, -4/48 HPs)
             Began as a Formicid Fighter on Nov 5, 2022.
             Slain by an ogre
             ... wielding a +0 giant club
              (29 damage)
             ... on level 3 of the Dungeon.
             The game lasted 00:02:35 (1930 turns).

qeuew the Chopper (Formicid Fighter)                Turns: 1930, Time: 00:02:36

Health: -4/48      AC:  9    Str: 23    XL:     6   Next: 19%
Magic:  6/6        EV:  9    Int:  7    God:
Gold:   56         SH:  5    Dex: 13    Spells: 5/5 levels left

rFire   . . .      SeeInvis +   a - +0 war axe
rCold   . . .      Faith    .   c - +0 buckler
rNeg    . . .      Spirit   .   b - +0 scale mail
rPois   .          Reflect  .   (helmet unavailable)
rElec   .          Harm     .   (no cloak)
rCorr   .          Rampage  .   g - +0 pair of gloves
Will    .....                   j - +0 pair of boots
Stlth   ..........              (no amulet)
HPRegen 0.16/turn               (no ring)
MPRegen 0.10/turn               (no ring)

@: no status effects
A: permanent stasis, dig shafts and tunnels, antennae 3, four strong arms
a: Dig, Shaft Self


You were on level 3 of the Dungeon.
You visited 1 branch of the dungeon, and saw 3 of its levels.

You collected 56 gold pieces.

Inventory:

Hand Weapons
 a - a +0 war axe (weapon)
Armour
 b - a +0 scale mail (worn)
 c - a +0 buckler (worn)
 g - a +0 pair of gloves (worn)
 j - a +0 pair of boots (worn)
Jewellery
 h - an amulet of the acrobat
Potions
 d - 3 potions of might


   Skills:
 + Level 3.9 Fighting
 * Level 4.9 Axes
 + Level 3.9 Armour
 + Level 0.5 Dodging
 + Level 4.5 Shields


You had 5 spell levels left.
You didn't know any spells.
Your spell library contained the following spells:

 Spells                   Type           Power      Damage    Failure   Level
 Static Discharge         Conj/Air       0%         3-3/arc   91%         2
 Ignite Poison            Fire/Tmut/Pois 0%         N/A       99%         3
 Mephitic Cloud           Conj/Pois/Air  0%         N/A       99%         3
 Ozocubu's Armour         Ice            0%         N/A       99%         3
 Dispel Undead            Necr           0%         3d6       100%        4
 Sticky Flame             Conj/Fire      0%         2d3       100%        4
 Freezing Cloud           Conj/Ice/Air   0%         6-21      100%        5
 Ozocubu's Refrigeration  Ice            0%         4d7       100%        7


Dungeon Overview and Level Annotations

Branches:
Dungeon (3/15)

Altars:


Innate Abilities, Weirdness & Mutations

You cannot be hasted, slowed, berserked, paralysed or teleported.
You can dig through walls and to a lower floor.
You have a pair of large antennae on your head. (SInv)
Your four strong arms can wield two-handed weapons with a shield.


Message History

The ball python is heavily wounded.
The ball python bites you but does no damage.
The ball python constricts you. You block the ball python's attack.
The ball python constricts you.
You closely miss the ball python.
The ball python is heavily wounded.
The ball python bites you but does no damage.
The ball python constricts you.
A ball python is nearby!
You closely miss the ball python.
The ball python is heavily wounded.
You feel your willpower return. The ball python barely misses you.
The ball python constricts you. You block the ball python's attack.
The ball python constricts you.
A ball python is nearby!
A ball python is nearby!
You hit the ball python.
You kill the ball python!
HP restored.
You open the door.
Found a ring mail.
No target in view!
No target in view!
There is an open door here.
A ball python and an ogre come into view.
The ball python hisses angrily.
The ogre shouts!
You hit the ball python.
You kill the ball python!
The ogre hits you with a +0 giant club.
You hit the ogre.
The ogre is lightly wounded.
The ogre hits you with a +0 giant club!!
You barely miss the ogre.
The ogre is lightly wounded.
The ogre closely misses you.
You slash the ogre!
The ogre is heavily wounded.
The ogre hits you with a +0 giant club!!
Ouch! That really hurt!
You die...

##.... #.....
#....# ###.
#....#.....
#....#...
#......
+...O# ..
#..@.# ...
###....# ....
#....#+##....
#.##.........
# #.........
#.........#
#.........#
#......[..+
#.........#


You could see an ogre.

Vanquished Creatures
  Sigmund (D:2)
  An adder (D:2)
  2 worms (D:2)
  8 ball pythons
  3 bats
  3 endoplasms (D:2)
  3 giant cockroaches
  7 goblins
  4 hobgoblins
  2 quokkas
  3 frilled lizards (D:1)
  2 kobolds (D:1)
  3 rats (D:1)
42 creatures vanquished.

Notes
Turn   | Place    | Note
-------+----------+-------------------------------------------
     0 | D:1      | qeuew the Formicid Fighter began the quest for the Orb.
     0 | D:1      | Reached XP level 1. HP: 18/18 MP: 1/1
    60 | D:1      | Reached XP level 2. HP: 22/24 MP: 2/2
   745 | D:1      | Reached XP level 3. HP: 29/29 MP: 3/3
  1510 | D:2      | Reached XP level 4. HP: 35/35 MP: 4/4
  1602 | D:2      | Noticed Sigmund
  1619 | D:2      | Killed Sigmund
  1620 | D:2      | Reached XP level 5. HP: 30/42 MP: 5/5
  1620 | D:2      | Reached XP level 6. HP: 35/48 MP: 6/6
  1923 | D:3      | Noticed an ogre
  1930 | D:3      | Slain by an ogre

Illustrated notes

Levels and vault maps discovered:
D:1:      heliophobic_arrival_dark_side_of_the_moon, layout_basic,
          minmay_three_crescents
D:2:      layout_loops_ring, nicolae_concentric_dashed_squares_mild,
          uniq_sigmund
D:3:      lemuel_castle_with_subvaults [lemuel_castle_interior_carwin_1],
          layout_basic, ashenzari_conservatory_becter, slow_altar_1,
          basic_ecumenical_altar

Skill      XL: |  1  2  3  4 |
---------------+-------------+-----
Axes           | 3 4 |  4.9
Fighting       | |  3.9
Armour         | |  3.9
Dodging        | |  0.5
Shields        | |  4.5

Action                   |  1- 3 |  4- 6 || total
-------------------------+-------+-------++-------
Melee: War axe           |    97 |    33 ||   130
  Use: Scroll            |     2 |     2 ||     4
       Potion            |     1 |     2 ||     3
Armor: Scale mail        |    49 |    11 ||    60
Dodge: Dodged            |    39 |    10 ||    49
Block: Buckler           |    33 |    11 ||    44
